 Dungeon Crawl Stone Soup version 0.32-a0-975-g85d4e5bfdb (webtiles) character file.

Game seed: 1273584570812073213

3 Maxmaps the Caller (level 1, -1/13 HPs)
             Began as a Demonspawn Summoner on Apr 19, 2024.
             Slain by a hobgoblin (5 damage)
             ... on level 1 of the Dungeon.
             The game lasted 00:00:19 (85 turns).

Maxmaps the Caller (Demonspawn Summoner)              Turns: 85, Time: 00:00:20

Health: -1/13      AC:  2    Str:  8    XL:     1   Next: 41%
Magic:  0/3        EV: 11    Int: 15    God:
Gold:   8          SH:  0    Dex: 13    Spells: 3/4 levels left

rFire   . . .        (no weapon)
rCold   . . .        (no shield)
rNeg    . . .        a - +0 robe
rPois   .            (no helmet)
rElec   .            (no cloak)
rCorr   .            (no gloves)
SInv    .            (no boots)
Will    .....        (no amulet)
Stlth   ++           (no ring)
HPRegen 0.22/turn    (no ring)
MPRegen 0.08/turn

%: no passive effects
@: no status effects
A: no striking features
a: no special abilities


You were on level 1 of the Dungeon.
You visited 1 branch of the dungeon, and saw 1 of its levels.

You collected 8 gold pieces.

Inventory:

Armour
 a - a +0 robe (worn)
Potions
 b - a potion of magic


   Skills:
 - Level 1.7 Dodging
 - Level 1.7 Stealth
 - Level 2.0 Spellcasting
 + Level 4.2 Summonings


You had 3 spell levels left.
You knew the following spells:

 Your Spells              Type           Power      Damage    Failure   Level
a - Summon Small Mammal   Summ           56%        N/A       4%          1

Your spell library contained the following spells:

 Spells                   Type           Power      Damage    Failure   Level
 Call Imp                 Summ           28%        N/A       6%          2
 Call Canine Familiar     Summ           14%        N/A       12%         3
 Summon Blazeheart Golem  Fire/Summ      7%         N/A       67%         4
 Summon Lightning Spire   Summ/Air       7%         N/A       67%         4


Dungeon Overview and Level Annotations

Branches:
Dungeon (1/15)

Altars:


Message History

You hit the jackal.
The jackal is lightly wounded.
The jackal barely misses you. The jackal bites your rat.
The jackal barely misses your quokka.
Your quokka barely misses the jackal.
The jackal bites you but does no damage.
The jackal closely misses your rat. The jackal misses your quokka.
Your quokka closely misses the jackal.
Your rat barely misses the jackal.
You barely miss the jackal. The jackal misses you.
The jackal closely misses your quokka.
The jackal bites you but does no damage.
Your quokka bites the jackal.
Your rat barely misses the jackal.
You hit the jackal but do no damage. The jackal closely misses you.
The jackal bites your rat.
Your rat dies!
Your rat's corpse disappears in a puff of smoke!
The jackal bites your quokka.
Your quokka bites the jackal.
The jackal dies!
The jackal bites your quokka but does no damage.
Casting: Summon Small Mammal (safe; 4% risk of failure)
Confirm with . or Enter, or press ? or * to list all spells.
Your quokka bites the jackal.
The jackal bites your quokka. The jackal bites you. The hobgoblin misses you.
You hit the jackal.
The jackal is moderately wounded.
Your bat closely misses the jackal.
Your quokka closely misses the jackal.
The jackal misses you. The jackal barely misses your quokka.
The hobgoblin hits you.
Your bat closely misses the jackal.
You hit the jackal but do no damage.
The jackal is moderately wounded.
Your bat hits the jackal but does no damage.
The jackal bites you. The jackal misses your quokka.
Your bat closely misses the jackal.
Your quokka barely misses the jackal.
The hobgoblin barely misses you. The jackal barely misses your quokka.
The jackal bites you but does no damage.
Your quokka closely misses the jackal.
You barely miss the jackal.
The jackal is moderately wounded.
Your bat hits the jackal but does no damage.
The jackal misses your quokka. The jackal bites you. The hobgoblin hits you.
You die...

. .. ... # .... .#
.....######.####
.......h........
......b@gh>.#
..######r##.#
...........#.#
.....#..##.#.#
.....#..##.#.#
..#.....##'#.#####
.................#
....#............#
#................#


You could see 2 jackals, a hobgoblin, a friendly quokka (summoned) and a
friendly bat (summoned).

Vanquished Creatures
  A jackal (D:1)
1 creature vanquished.

Vanquished Creatures (collateral kills)
  A jackal (D:1)
  A rat (D:1)
2 creatures vanquished.

Grand Total: 3 creatures vanquished

Notes
Turn   | Place    | Note
-------+----------+-------------------------------------------
     0 | D:1      | Maxmaps the Demonspawn Summoner began the quest for the
                  | Orb.
     0 | D:1      | Reached XP level 1. HP: 13/13 MP: 3/3
    85 | D:1      | Slain by a hobgoblin

Illustrated notes

Levels and vault maps discovered:
D:1:      psy_arrival_radial02, layout_basic,
          shapermc_ecumenical_altar_rom_forum

Action                     || total
---------------------------++-------
  Melee: Unarmed           ||    19
   Cast: Summon Small Mamm ||     6
 Armour: Robe              ||    21
  Dodge: Dodged            ||    22

Table legend: (Time is in decaauts)
 A = Elapsed time spent in this place.
 B = Non-inter-level travel time spent in this place.
 C = Inter-level travel time spent in this place.
 D = Time resting spent in this place.
 E = Time spent auto-exploring this place.
 F = Levels seen in this place.
 G = Mean time per level.
                   A        B        C        D        E       F      G
               +--------+--------+--------+--------+--------+-----+--------+
         Total |     86 |     86 |      0 |      0 |     51 |   1 |   86.0 |
       Dungeon |     86 |     86 |      0 |      0 |     51 |   1 |   86.0 |
               +--------+--------+--------+--------+--------+-----+--------+

Top non-repeatable levels by time:
     D:1: 86 daAuts
